 Dungeon Sprint DCSS version 0.28-a0-1234-g826d19b2e0 (webtiles) character file.

Game seed: 12952490959814023109

2711 rocky1 the Cleaver (level 9, 0/159 HPs)
             Began as an Ogre Fighter on Dec 24, 2021.
             Was an Elder of Okawaru.
             Slain by a guardian serpent (6 damage)
             ... in the Dungeon (Sprint VII: "The Pits").
             The game lasted 00:07:27 (2483 turns).

rocky1 the Cleaver (Ogre Fighter)                   Turns: 2483, Time: 00:07:27

Health: 0/159      AC:  5    Str: 24    XL:     9   Next: 66%
Magic:  15/15      EV: 12    Int:  9    God:    Okawaru [****..]
Gold:   0          SH:  9    Dex: 10    Spells: 8/8 levels left

rFire   . . .      SeeInvis .   m - +0 hand axe (vorpal)
rCold   . . .      Faith    .   c - +0 kite shield
rNeg    . . .      Spirit   .   o - +0 troll leather armour {Pargi}
rPois   .          Reflect  .   (helmet restricted)
rElec   .          Harm     .   (no cloak)
rCorr   .          Rampage  .   (gloves unavailable)
Will    .....      NoTele   +   (boots unavailable)
Stlth   ..........              (no amulet)
HPRegen 1.16/turn               (no ring)
MPRegen 0.14/turn               (no ring)

@: berserking (expiring), lethally poisoned (0 -> -1), slowed
A: large, unfitting armour, tough skin 1
a: Renounce Religion, Heroism, Finesse


You were in the Dungeon.
You worshipped Okawaru.
Okawaru was greatly pleased with you.
You visited 1 branch

Inventory:

Hand Weapons
 a - a +0 war axe
 b - a +0 giant spiked club
 m - a +0 vorpal hand axe (weapon)
 r - a +1 broad axe of venom
 s - the +2 scimitar "Soaffag" {spect, Str+6}
   (You found it in the Dungeon)

   When its wielder attacks, the weapon's spirit leaps out and strikes again.
   The spirit shares a part of any damage it takes with its wielder.
   Str:       It affects your strength (+6).
Armour
 c - a +0 kite shield (worn)
 o - a +0 troll leather armour (worn) {Pargi}
Jewellery
 i - a +3 ring of dexterity
 n - a +3 ring of intelligence
Scrolls
 j - a scroll of blinking
 l - 5 scrolls of amnesia
Potions
 d - a potion of might
 e - 6 potions of curing
 f - 7 potions of heal wounds
 g - 3 potions of haste
 h - 4 potions of magic
 k - 2 potions of invisibility
 q - a potion of mutation


   Skills:
 + Level 11.9 Fighting
 * Level 12.5 Axes
 + Level 5.3 Armour
 + Level 8.6 Dodging
 + Level 8.4 Shields
 + Level 8.8 Invocations


You had 8 spell levels left.
You didn't know any spells.
Your spell library was empty.

Dungeon Overview and Level Annotations

Branches:
Dungeon (1/1)

Altars:
Ashenzari
Cheibriados
Dithmenos
Elyvilon
Fedhas
Gozag
Hepliaklqana
Kikubaaqudgha
Makhleb
Nemelex Xobeh
Okawaru
Qazlal
Ru
Sif Muna
Trog
Uskayaw
Vehumet
Wu Jian
Xom
Yredelemnul
Zin
The Shining One
Beogh
Jiyva
Lugonu


Innate Abilities, Weirdness & Mutations

You are too large for most types of armour.
You have tough skin. (AC +1)


Message History

* * * LOW HITPOINT WARNING * * *
You closely miss the guardian serpent.
The guardian serpent is heavily wounded.
You feel sick.
You barely miss the guardian serpent.
The guardian serpent is heavily wounded.
You feel sick.
The guardian serpent coils itself and waves its upper body at you.
You feel yourself slow down.
You barely miss the guardian serpent.
The guardian serpent is heavily wounded.
You feel sick.
The guardian serpent closely misses you.
You miss the guardian serpent.
The guardian serpent is heavily wounded.
You feel sick.
The guardian serpent coils itself and waves its upper body at you.
The jackal blinks!
You barely miss the guardian serpent.
The guardian serpent is heavily wounded.
You barely miss the jackal.
You feel sick. You block the jackal's attack.
The guardian serpent barely misses you.
You hit the guardian serpent.
The guardian serpent is severely wounded.
You slash the jackal!
You kill the jackal!
Okawaru accepts your kill.
You feel sick. The guardian serpent hits you!!
* * * LOW HITPOINT WARNING * * *
You hit the guardian serpent but do no damage.
The guardian serpent is severely wounded.
You feel sick.
You block the guardian serpent's attack.
You barely miss the guardian serpent.
The guardian serpent is severely wounded.
You block the guardian serpent's attack.
You slash the guardian serpent!
The guardian serpent is almost dead.
You feel sick. The guardian serpent hits you.
You die...

.............++.†##########°.#
...#..#......##....B.........#
.............##..............#
'#####''######################
....##''################
....##..#.h............#
....##..##ShS........F.o
<...##..#### #S#
....##..#..#####@##
....##..#....##...#
....##..))....#...#
######..')....'...+
######..))....#...#
..[[##..#....##...#
..[[##..#..#####.##
..))##..#### #+# ...)##..#


You could see a guardian serpent.

Vanquished Creatures
  A sea snake (D)
  A manticore (D)
  A cane toad (D)
  A hornet (D)
  A troll (D)
  A shadow (D)
  A redback (D)
  A wraith (D)
  A golden eye (shapeshifter) (D)
  A floating eye (D)
  Pargi (D)
  An ogre (D)
  A scorpion (D)
  An orc priest (D)
  An iguana (D)
  2 orc wizards (D)
  A hell rat (D)
  4 adders (D)
  An adder skeleton (D)
  2 worms (D)
  2 orcs (D)
  3 endoplasms (D)
  A goblin (D)
  A hobgoblin (D)
  6 jackals (D)
  A quokka (D)
  2 bats (D)
  A frilled lizard (D)
  A kobold (D)
43 creatures vanquished.

Notes
Turn   | Place    | Note
-------+----------+-------------------------------------------
     0 | D        | rocky1 the Ogre Fighter began the quest for the Orb.
     0 | D        | Reached XP level 1. HP: 24/24 MP: 1/1
    21 | D        | Found a bloodstained altar of Trog.
    21 | D        | Found a shimmering blue altar of Sif Muna.
    21 | D        | Found a viscous altar of Jiyva.
    21 | D        | Found a hazy altar of Hepliaklqana.
    21 | D        | Found an opulent altar of Gozag.
    22 | D        | Found a glowing golden altar of the Shining One.
    22 | D        | Found a glowing silver altar of Zin.
    22 | D        | Found a basalt altar of Yredelemnul.
    22 | D        | Found a shimmering altar of Xom.
    22 | D        | Found an ornate altar of the Wu Jian Council.
    22 | D        | Found a sacrificial altar of Ru.
    22 | D        | Found a stormy altar of Qazlal.
    22 | D        | Found an iron altar of Okawaru.
    22 | D        | Found a sparkling altar of Nemelex Xobeh.
    22 | D        | Found a burning altar of Makhleb.
    22 | D        | Found a blossoming altar of Fedhas.
    22 | D        | Found a white marble altar of Elyvilon.
    22 | D        | Found a shadowy altar of Dithmenos.
    22 | D        | Found a snail-covered altar of Cheibriados.
    25 | D        | Found a corrupted altar of Lugonu.
    25 | D        | Found a radiant altar of Vehumet.
    26 | D        | Found an ancient bone altar of Kikubaaqudgha.
    26 | D        | Found a hide-covered altar of Uskayaw.
    26 | D        | Found a broken altar of Ashenzari.
    30 | D        | Became a worshipper of Warmaster Okawaru
    78 | D        | Reached skill level 3 in Axes
    78 | D        | Reached XP level 2. HP: 8/33 MP: 2/2
   410 | D        | HP: 1/33 [poisoned by an adder]
   414 | D        | Reached skill level 5 in Fighting
   414 | D        | Reached skill level 4 in Axes
   414 | D        | Reached XP level 3. HP: 20/42 MP: 3/3
   417 | D        | HP: 2/42 [kobold (2)]
   987 | D        | Noticed a floating eye
   989 | D        | Paralysed by a floating eye for 2 turns
   994 | D        | Killed a floating eye
   994 | D        | Reached * piety under Okawaru
   995 | D        | Reached skill level 6 in Axes
   995 | D        | Reached XP level 4. HP: 53/53 MP: 3/6
   995 | D        | Reached XP level 5. HP: 61/61 MP: 3/7
  1162 | D        | Reached skill level 5 in Dodging
  1162 | D        | Reached skill level 5 in Shields
  1374 | D        | Noticed a troll
  1383 | D        | Killed a troll
  1384 | D        | Reached skill level 8 in Axes
  1384 | D        | Reached skill level 5 in Invocations
  1384 | D        | Reached XP level 6. HP: 44/74 MP: 5/9
  1777 | D        | Noticed Pargi
  1796 | D        | Killed Pargi
  1797 | D        | Reached skill level 9 in Axes
  1797 | D        | Reached skill level 1 in Armour
  1797 | D        | Reached XP level 7. HP: 79/81 MP: 8/11
  1820 | D        | Noticed a hornet
  1820 | D        | Noticed a manticore
  1831 | D        | Paralysed by a hornet for 1 turns
  1833 | D        | Killed a hornet
  1833 | D        | Reached ** piety under Okawaru
  1838 | D        | Reached skill level 10 in Axes
  1845 | D        | Killed a manticore
  1845 | D        | Reached *** piety under Okawaru
  1846 | D        | Reached skill level 10 in Fighting
  1846 | D        | Reached XP level 8. HP: 33/94 MP: 10/13
  2042 | D        | Got the +2 scimitar "Soaffag" {spect, Str+6}
  2115 | D        | Noticed a wraith
  2140 | D        | Killed a wraith
  2296 | D        | Noticed a boulder beetle
  2321 | D        | Reached skill level 11 in Axes
  2389 | D        | Noticed a queen bee
  2389 | D        | Noticed a redback
  2397 | D        | Killed a redback
  2402 | D        | a queen bee changed into a golden eye
  2406 | D        | Reached **** piety under Okawaru
  2407 | D        | Reached XP level 9. HP: 104/105 MP: 12/14
  2428 | D        | Noticed a sea snake
  2428 | D        | Noticed a cane toad
  2429 | D        | Noticed a guardian serpent
  2441 | D        | Killed a cane toad
  2468 | D        | Killed a sea snake
  2468 | D        | Received a gift from Okawaru
  2469 | D        | Reached skill level 12 in Axes
  2469 | D        | Reached skill level 5 in Armour
  2480 | D        | HP: 6/159 [guardian serpent (18)]
  2483 | D        | Slain by a guardian serpent

Illustrated notes

Levels and vault maps discovered:
D:        pitsprint [storerooms_1, entrance_room_1, metal_vault_1, armoury_1,
          mini_pit_1, grid_room_1, main_hall_1, silver_pit, the_coven_3,
          the_vestibule_1, steel_vault_3, golden_pit, hallway_of_sentries,
          crystal_vault_4, iron_vault_2, final_vault]

Skill      XL: |  1  2  3  4  5  6  7  8  9 |
---------------+----------------------------+-----
Dodging        | 3 4 6 7 8 |  8.6
Shields        | 3 4 5 6 7 8 |  8.4
Axes           | 3 4 6 8 9 10 11 12 | 12.5
Fighting       | 5 6 8 10 11 | 11.9
Invocations    | 3 5 7 8 |  8.8
Armour         | 1 3 4 5 |  5.3

Action                   |  1- 3 |  4- 6 |  7- 9 || total
-------------------------+-------+-------+-------++-------
Melee: War axe           |    42 |       |       ||    42
       Hand axe          |     8 |    45 |   118 ||   171
Invok: Heroism           |       |     2 |     4 ||     6
  Use: Potion            |     3 |     1 |     6 ||    10
 Stab: Sleeping          |       |     1 |       ||     1
Armor: Robe              |    18 |     3 |       ||    21
       Troll leather arm |       |     7 |    12 ||    19
Dodge: Dodged            |    23 |    15 |    32 ||    70
Block: Kite shield       |    22 |    23 |    42 ||    87

Table legend: (Time is in decaauts)
 A = Elapsed time spent in this place.
 B = Non-inter-level travel time spent in this place.
 C = Inter-level travel time spent in this place.
 D = Time resting spent in this place.
 E = Time spent auto-exploring this place.
 F = Levels seen in this place.
 G = Mean time per level.
                   A        B        C        D        E       F      G
               +--------+--------+--------+--------+--------+-----+--------+
         Total |   2503 |   2448 |     55 |   1901 |      0 |   1 | 2503.0 |
       Dungeon |   2503 |   2448 |     55 |   1901 |      0 |   1 | 2503.0 |
               +--------+--------+--------+--------+--------+-----+--------+

Top non-repeatable levels by time:
       D: 2503 daAuts
